 Dungeon Crawl Stone Soup version 0.23.2-40-g277498a001 (webtiles) character file.

Game seed: 9665870143351551647

200 Kikorro the Slasher (level 5, -10/46 HPs)
             Began as a Draconian Fighter on Sept 4, 2019.
             Was an Initiate of Okawaru.
             Killed by nerve-wracking pain
             ... invoked by an orc priest
              (12 damage)
             ... on level 4 of the Dungeon.
             The game lasted 00:07:52 (3023 turns).

Kikorro the Slasher (Draconian Fighter)             Turns: 3023, Time: 00:07:53

Health: -10/46     AC:  7    Str: 21    XL:     5   Next: 49%
Magic:  5/5        EV: 16    Int:  9    God:    Okawaru [......]
Gold:   182        SH:  9    Dex: 10    Spells: 4/4 levels left

rFire    . . .     SeeInvis .   a - +0 long sword
rCold    . . .     Gourm    .   b - +0 shield
rNeg     . . .     Faith    .   (armour unavailable)
rPois    +         Spirit   .   (helmet restricted)
rElec    .         Reflect  .   m - +1 cloak {rPois}
rCorr    .         Harm     .   (no gloves)
MR       .....                  (no boots)
Stlth    +.........             (no amulet)
HPRegen  0.15/turn              l - +2 ring of strength
MPRegen  0.09/turn              p - +6 ring of evasion

@: no status effects
A: unfitting armour, cold-blooded, AC +5
a: Renounce Religion


You were on level 4 of the Dungeon.
You worshipped Okawaru.
Okawaru was noncommittal.
You were not hungry.

You visited 1 branch of the dungeon, and saw 4 of its levels.

You collected 182 gold pieces.

Inventory:

Hand Weapons
 a - a +0 long sword (weapon)
Armour
 b - a +0 shield (worn)
 m - a +1 cloak of poison resistance (worn)
Jewellery
 l - a +2 ring of strength (left hand)
 p - a +6 ring of evasion (right hand)
Scrolls
 g - a scroll of random uselessness {unknown}
 h - a scroll of fog {unknown}
 i - 4 scrolls of remove curse
 k - 2 scrolls of teleportation {unknown}
 o - 4 scrolls of enchant weapon {unknown}
 q - a scroll of fear {unknown}
 u - a scroll of immolation {unknown}
 v - a scroll of identify
Potions
 c - a potion of might
 e - 3 potions of curing
 f - 2 potions of magic
 j - a potion of resistance
 n - a potion of haste {unknown}
 r - 2 potions of berserk rage {unknown}
 t - a potion of flight {unknown}
Comestibles
 d - 8 rations
 s - 2 chunks of flesh


   Skills:
 + Level 3.9 Fighting
 + Level 4.0 Long Blades
 + Level 3.3 Dodging
 + Level 0.5 Stealth
 + Level 4.0 Shields


You had 4 spell levels left.
You didn't know any spells.
Your spell library contained the following spells:

 Spells                   Type           Power        Failure   Level  Hunger
 Flame Tongue             Conj/Fire      #....        86%         1    ##.....
 Throw Flame              Conj/Fire      #.....       94%         2    ###....
 Conjure Flame            Conj/Fire      #.......     99%         3    ####...
 Inner Flame              Hex/Fire       #.......     99%         3    ####...
 Sticky Flame             Conj/Fire      #.......     100%        4    #####..
 Fireball                 Conj/Fire      #.........   100%        5    ######.


Dungeon Overview and Level Annotations

Branches:
Dungeon (4/15)
 Temple: D:4-7

Altars:
Okawaru


Innate Abilities, Weirdness & Mutations

Your plain brown scales are hard. (AC +5)
You cannot fit into any form of body armour.
You are cold-blooded and may be slowed by cold attacks.


Message History

The orc priest misses you.
The orc priest calls down the wrath of Beogh upon you.
Beogh smites you!
Unknown command.
The orc priest hits you but does no damage.
Items here: )) [[ †† You hit the orc priest.
The orc priest is moderately wounded.
The orc priest mumbles some strange prayers to Beogh against you.
Pain shoots through your body!
* * * LOW HITPOINT WARNING * * *
You hit the orc priest.
The orc priest is heavily wounded.
The orc wizard casts a spell.
The orc wizard blinks!
The orc priest calls upon Beogh to heal the orc priest.
The orc priest is healed somewhat.
The orc priest mumbles some strange prayers to Beogh against you.
Pain shoots through your body!
You die...

#..###..........#
#.......###.###.#
##..........# #.#
######.##### #.. ###
##...######.# #...
##...........# ..o..
##.......######
......####.........#
.....§o@.'.........+
#....o####.........#
##... ##.......##
##. ##.....## #
##...## ##+##


You could see 2 orc priests and an orc wizard.

Vanquished Creatures
  A bullfrog skeleton (D:4)
  A worker ant (D:4)
  3 gnolls (D:3)
  5 adders
  2 worms (D:2)
  3 leopard geckos (D:2)
  4 orcs
  3 giant cockroaches
  4 goblins
  7 hobgoblins
  A quokka (D:2)
  A ball python (D:4)
  7 bats
  4 frilled lizards
  8 kobolds
  A leopard gecko skeleton (D:4)
  10 rats
65 creatures vanquished.

Notes
Turn   | Place    | Note
-------+----------+-------------------------------------------
     0 | D:1      | Kikorro the Draconian Fighter began the quest for the Orb.
     0 | D:1      | Reached XP level 1. HP: 19/19 MP: 1/1
   230 | D:1      | Reached XP level 2. HP: 23/26 MP: 2/2
   837 | D:2      | Reached XP level 3. HP: 26/31 MP: 3/3
  1328 | D:2      | Reached XP level 4. HP: 40/40 MP: 4/4
  2240 | D:3      | Reached XP level 5. HP: 46/46 MP: 5/5
  2411 | D:3      | Found an iron altar of Okawaru.
  2419 | D:3      | Became a worshipper of Warmaster Okawaru
  3022 | D:4      | HP: 2/46 [orc priest/nerve-wracking pain (14)]
  3023 | D:4      | Killed from afar by an orc priest

Skill      XL: |  1  2  3  4  5 |
---------------+----------------+-----
Dodging        | 3 |  3.3
Long Blades    | 3 4 |  4.0
Shields        | 4 |  4.0
Fighting       | |  3.9
Stealth        | |  0.5

Action                   |  1- 3 |  4- 6 || total
-------------------------+-------+-------++-------
Melee: Long sword        |   105 |    95 ||   200
       Tailslap          |    13 |    11 ||    24
  Use: Scroll            |     4 |       ||     4
 Stab: Sleeping          |     1 |       ||     1
  Eat: Chunk             |     1 |     6 ||     7
Armor: Skin              |    35 |    19 ||    54
Dodge: Dodged            |    56 |    47 ||   103
Block: Shield            |    53 |    52 ||   105
       Rpst.: Long sword |    27 |    14 ||    41
